 Dungeon Crawl Stone Soup version 0.30.1-3-gfc49f6343a (webtiles) character file.

Game seed: 16314455011087240163

16030 Destapler the Covert (level 12, -8/92 HPs)
             Began as a Vampire Necromancer on July 25, 2023.
             Was an Elder of Dithmenos.
             Killed by divine providence
             ... invoked by a meliai
              (9 damage)
             ... on level 12 of the Dungeon.
             The game lasted 01:53:24 (14968 turns).

Destapler the Covert (Vampire Necromancer)         Turns: 14968, Time: 01:53:25

Health: -8/92      AC: 15    Str: 13    XL:     12   Next: 6%
Magic:  14/21      EV: 15    Int: 21    God:    Dithmenos [****..]
Gold:   714        SH:  0    Dex: 16    Spells: 14/23 levels left

rFire   . . .        a - +2 short sword (speed)
rCold   . . .        (no shield)
rNeg    . . .        m - +0 steam dragon scales
rPois   .            x - +0 helmet
rElec   .            u - +2 cloak
rCorr   .            K - +2 pair of gloves
SInv    +            H - +1 pair of boots
Will    +....        e - amulet of the acrobat
Stlth   +++++++      q - +4 ring of slaying
HPRegen 0.55/turn    D - +6 ring of strength
MPRegen 0.17/turn

%: acrobat
@: lethally poisoned (-8 -> -34), healing quickly, wreathed by umbra, invisible
A: alive, fangs 3, see invisible, vampiric 2
a: Exsanguinate, Renounce Religion, Shadow Step


You were on level 12 of the Dungeon.
You worshipped Dithmenos.
Dithmenos was greatly pleased with you.
You visited 3 branches of the dungeon, and saw 14 of its levels.

You collected 945 gold pieces.
You spent 231 gold pieces at shops.

Inventory:

Hand Weapons
 a - a +2 short sword of speed (weapon)
 G - a +5 short sword
Missiles
 k - 9 boomerangs (quivered)
 o - 13 poisoned darts
Armour
 m - +0 steam dragon scales (worn)
 t - a +1 pair of gloves
 u - a +2 cloak (worn)
 x - a +0 helmet (worn)
 H - a +1 pair of boots (worn)
 K - a +2 pair of gloves (worn)
Jewellery
 e - an amulet of the acrobat (around neck)
 q - a +4 ring of slaying (left hand)
 D - a +6 ring of strength (right hand)
Wands
 j - a wand of flame (2)
 z - a wand of quicksilver (16)
 F - a wand of iceblast (8)
 I - a wand of charming (3)
 J - a wand of polymorph (2)
Scrolls
 d - a scroll of enchant armour
 f - 2 scrolls of immolation
 i - 3 scrolls of enchant weapon
 l - a scroll of vulnerability
 s - 2 scrolls of teleportation
 w - 4 scrolls of blinking
 y - a scroll of fog
Potions
 b - a potion of magic
 c - 2 potions of mutation
 g - 12 potions of curing
 h - a potion of flight
 n - a potion of lignification
 p - 5 potions of heal wounds
 v - a potion of haste
 A - 3 potions of attraction
 B - 3 potions of ambrosia {unknown}
 C - a potion of cancellation {unknown}


   Skills:
 - Level 8.0 Fighting
 + Level 7.7 Short Blades
 - Level 3.0 Throwing
 - Level 3.0 Armour
 - Level 6.0 Dodging
 + Level 10.2 Stealth
 - Level 6.0 Spellcasting
 * Level 1.5 Conjurations
 + Level 9.2 Necromancy
 - Level 3.0 Air Magic
 + Level 1.2 Poison Magic
 - Level 6.0 Invocations
 + Level 3.6 Evocations


You had 14 spell levels left.
You knew the following spells:

 Your Spells              Type           Power      Damage    Failure   Level
a - Necrotise             Necr           100%       1d9       1%          1
b - Shock                 Conj/Air       60%        1d6       3%          1
c - Vampiric Draining     Necr           44%        2d9       1%          3
d - Animate Dead          Necr           44%        N/A       2%          4

Your spell library contained the following spells:

 Spells                   Type           Power      Damage    Failure   Level
 Magic Dart               Conj           48%        1d5       5%          1
 Agony                    Necr           44%        N/A       6%          5
 Swiftness                Air            18%        N/A       9%          3
 Mephitic Cloud           Conj/Pois/Air  14%        N/A       13%         3
 Call Imp                 Summ           12%        N/A       14%         2
 Airstrike                Air            9%         2d(2-18)  28%         4
 Death Channel            Necr           22%        N/A       34%         6
 Borgnjor's Vile Clutch   Necr/Erth      12%        N/A       38%         5
 Infestation              Necr           22%        N/A       100%        8
 Shatter                  Erth           3%         3d7*      100%        9


Dungeon Overview and Level Annotations

Branches:
Dungeon (12/15)            Temple (1/1) D:4            Lair (1/5) D:8
    Orc (0/2) D:12

Altars:
Ashenzari
Cheibriados
Dithmenos
Fedhas
Gozag
Hepliaklqana
Kikubaaqudgha
Makhleb
Nemelex Xobeh
Okawaru
Qazlal
Ru
Sif Muna
Trog
Uskayaw
Vehumet
Wu Jian
Xom
Yredelemnul

Shops:
D:3 (   D:4 *   D:9 =

Annotations:
D:12 2 transporters, ripuliukko's ghost, journeyman DEEE


Innate Abilities, Weirdness & Mutations

Your natural rate of healing is accelerated.
You have razor-sharp teeth.
You have supernaturally acute eyesight. (SInv)
You are afflicted with vampirism and can become a bat while bloodless.


Message History

Aim: a meliai, wielding a +0 war axe and wearing a +0 robe (unable to see you, umbra, 57% to hit)
The zap hits the meliai.
The meliai is moderately wounded.
You feel sick. The meliai misses you. The meliai barely misses you.
The meliai completely misses you. The meliai stings you.
* * * LOW HITPOINT WARNING * * *
You are more poisoned.
The meliai poisons you! The meliai closely misses you. x2
The meliai invokes the aid of its god against you.
Something smites you!
* * * LOW HITPOINT WARNING * * *
Casting: Shock (safe; 3% risk of failure)
Confirm with . or Enter, or press ? or * to list all spells.
Aiming: Vampiric Draining (safe; 1% risk of failure)
Press: ? - help, Shift-Dir - straight line, f/p - meliai
Aim: a meliai, wielding a +0 war axe and wearing a +0 robe (moderately wounded, unable to see you, umbra)
You draw life force from the meliai.
You feel life coursing into your body.
You feel very sick.
The meliai barely misses you. x2; The meliai hits you but does no damage.
The meliai misses you. x2; The meliai stings you.
* * * LOW HITPOINT WARNING * * *
You are lethally poisoned!
The meliai poisons you! The meliai barely misses you. The meliai misses you.
Casting: Vampiric Draining (safe; 1% risk of failure)
Confirm with . or Enter, or press ? or * to list all spells.
Aiming: Vampiric Draining (safe; 1% risk of failure)
Press: ? - help, Shift-Dir - straight line, f/p - meliai
Aim: a meliai, wielding a +0 war axe and wearing a +0 robe (heavily wounded, unable to see you, umbra)
You draw life force from the meliai.
You feel life coursing into your body.
* * * LOW HITPOINT WARNING * * *
You feel extremely sick. The meliai misses you. The meliai barely misses you.
The meliai invokes the aid of its god against you.
Something smites you!
* * * LOW HITPOINT WARNING * * *
The meliai closely misses you.
The meliai stings you but does no damage.
The meliai calls down the wrath of its god upon you.
Something smites you!
You die...

.# #.#####............ .#
####.####............Z .#
#.........8.....>..... ##
#.##.#.##.........[Z..
#.##.#.###.........Z..
#.##...# #............
######......###......8.....
..............#####.Z.Z.##
#########...####@y.......#
#..## ##y...Z..## ##.##
##.....## #...## ##...## #
#....# ##+## # #....# #.# #
####.# #.# # #.# ##.## #
#.# ##...#####


You could see 2 meliai, a goblin zombie (wandering, unable to see you), a
hobgoblin zombie (unable to see you) and an orc zombie (wandering, unable to see
you).

Vanquished Creatures
  4 two-headed ogres
  2 ugly things
  A manticore (D:11)
  3 cyclopes
  A komodo dragon (D:12)
  A rime drake (D:8)
  A troll (D:11)
  2 polar bears (D:8)
  A meliai (D:12)
  2 hornets
  3 shadows
  Sigmund (D:5)
  2 wraiths
  12 yaks
  2 steam dragons (D:8)
  12 vampire mosquitoes
  Menkaure (D:5)
  A water moccasin (D:8)
  3 acid dragons
  2 orc warriors
  6 ice beasts
  An ogre (D:6)
  3 wolves
  9 centaurs
  2 phantoms
  2 kobold brigands
  3 bullfrogs
  A scorpion (D:6)
  10 wights
  3 killer bees (D:10)
  2 troll zombies (D:12)
  2 howler monkeys (D:11)
  An electric eel (D:9)
  2 gnoll boudas
  3 jellies
  4 orc priests
  2 hounds
  Natasha (thrice) (D:4 D:3)
  15 orc wizards
  4 ogre zombies (D:12)
  10 gnolls
  9 adders
  A shadow imp (D:6)
  3 white imps
  2 worms
  4 dart slugs
  49 orcs
  13 ball pythons
  12 endoplasms
  3 giant cockroaches
  9 goblins
  7 hobgoblins
  12 kobolds
  2 quokkas
  5 bats
  8 frilled lizards
  A goblin skeleton (D:12)
  3 goblin zombies (D:12)
  2 hobgoblin zombies (D:12)
  4 orc skeletons (D:12)
  6 orc zombies (D:12)
  6 rats
306 creatures vanquished.

Vanquished Creatures (collateral kills)
  3 yaks
  A gnoll (D:4)
  2 orcs (D:7)
  A ball python (D:2)
  A hobgoblin (D:1)
  A rat (D:3)
9 creatures vanquished.

Vanquished Creatures (others)
  An orc wizard (D:5)
  An orc (D:9)
2 creatures vanquished.

Grand Total: 317 creatures vanquished

Notes
Turn   | Place    | Note
-------+----------+-------------------------------------------
     0 | D:1      | Destapler the Vampire Necromancer began the quest for the
                  | Orb.
     0 | D:1      | Reached XP level 1. HP: 13/13 MP: 3/3
   119 | D:1      | Reached XP level 2. HP: 13/20 MP: 0/5
   394 | D:1      | Reached skill level 1 in Fighting
   408 | D:1      | Gained mutation: You are afflicted with vampirism and can
                  | become a bat while bloodless. [Vampire growth]
   408 | D:1      | Reached XP level 3. HP: 26/26 MP: 3/6
   497 | D:1      | Reached skill level 1 in Armour
  1068 | D:2      | Learned a level 3 spell: Vampiric Draining
  1361 | D:2      | Reached XP level 4. HP: 28/32 MP: 0/8
  1826 | D:3      | Found a faded altar of an unknown god.
  1905 | D:3      | Reached skill level 1 in Throwing
  1986 | D:3      | Found Menel's Weapon Shoppe.
  2002 | D:3      | Reached XP level 5. HP: 33/38 MP: 2/9
  2147 | D:3      | Found a shadowy altar of Dithmenos.
  2549 | D:3      | Identified the +4 ring mail "Kueracy" {Rampage Drain rN+}
  2820 | D:4      | Noticed Natasha
  2821 | D:4      | Found an ornate altar of the Wu Jian Council.
  2829 | D:4      | Killed Natasha
  2830 | D:4      | Reached skill level 5 in Necromancy
  2832 | D:4      | Found a staircase to the Ecumenical Temple.
  2832 | D:4      | Noticed Natasha
  2868 | D:3      | Killed Natasha
  2962 | D:3      | Found Menel's Weapon Shoppe.
  3025 | D:3      | Found a faded altar of an unknown god.
  3421 | D:3      | Noticed Natasha
  3427 | D:3      | Killed Natasha
  3428 | D:3      | Reached XP level 6. HP: 40/47 MP: 6/10
  3606 | D:4      | Reached skill level 1 in Short Blades
  3636 | Temple   | Entered the Ecumenical Temple
  3950 | D:4      | Found a shimmering blue altar of Sif Muna.
  4022 | D:4      | Found Biaf's Assorted Antiques.
  4027 | D:4      | Bought 3 scrolls labelled BEPROBIRGHIH for 99 gold pieces
  4036 | D:3      | Found a shadowy altar of Dithmenos.
  4044 | D:3      | Became a worshipper of Dithmenos the Shadowed
  4560 | D:4      | Found a basalt altar of Yredelemnul.
  4585 | D:5      | Entered Level 5 of the Dungeon
  4855 | D:5      | Reached skill level 4 in Stealth
  4866 | D:5      | Reached XP level 7. HP: 40/54 MP: 4/11
  5039 | D:5      | Noticed Menkaure
  5307 | D:5      | Killed Menkaure
  5308 | D:5      | Reached skill level 5 in Stealth
  5413 | D:5      | Noticed Sigmund
  5429 | D:5      | Killed Sigmund
  5430 | D:5      | Reached skill level 6 in Stealth
  5430 | D:5      | Reached skill level 7 in Stealth
  5632 | D:6      | Got the Compendium of Corpses and Amathomancy
  5773 | D:6      | Reached XP level 8. HP: 35/60 MP: 7/12
  5839 | D:6      | Reached skill level 8 in Stealth
  5839 | D:6      | Reached skill level 1 in Invocations
  5862 | D:6      | Found a hide-covered altar of Uskayaw.
  6031 | D:6      | Reached * piety under Dithmenos
  6135 | D:6      | Found an iron altar of Okawaru.
  6640 | D:7      | Reached skill level 1 in Air Magic
  6845 | D:7      | Reached ** piety under Dithmenos
  7400 | D:7      | Reached skill level 5 in Fighting
  7400 | D:7      | Reached XP level 9. HP: 68/68 MP: 15/15
  7793 | D:8      | Found a broken altar of Ashenzari.
  8177 | D:8      | Noticed a polar bear
  8300 | D:8      | Killed a polar bear
  8301 | D:8      | Noticed a polar bear
  8314 | D:8      | Killed a polar bear
  8322 | D:8      | Noticed a rime drake
  8559 | D:8      | Found a staircase to the Lair.
  8578 | D:8      | Killed a rime drake
  8579 | D:8      | Reached XP level 10. HP: 15/77 MP: 9/16
  8675 | Lair:1   | Entered Level 1 of the Lair of Beasts
  8818 | D:4      | Bought a copper wand for 132 gold pieces
  9092 | D:8      | Reached skill level 5 in Dodging
  9469 | D:8      | Reached *** piety under Dithmenos
  9653 | D:9      | Reached skill level 5 in Spellcasting
  9699 | D:9      | Found Xaet's Jewellery Shoppe.
  9738 | D:9      | Noticed a cyclops
  9765 | D:9      | Killed a cyclops
  9906 | D:9      | Noticed a two-headed ogre
  9925 | D:9      | Killed a two-headed ogre
  9926 | D:9      | Reached skill level 5 in Short Blades
 10385 | D:9      | Found a hazy altar of Hepliaklqana.
 10398 | D:9      | Found a sparkling altar of Nemelex Xobeh.
 10629 | D:9      | Found a snail-covered altar of Cheibriados.
 10792 | D:10     | Entered Level 10 of the Dungeon
 10792 | D:10     | Noticed a brown ugly thing
 10802 | D:10     | Killed a brown ugly thing
 11111 | D:10     | Reached skill level 5 in Invocations
 11119 | D:10     | Reached XP level 11. HP: 86/86 MP: 20/20
 11439 | D:10     | Found a radiant altar of Vehumet.
 11446 | D:10     | Noticed a two-headed ogre
 11458 | D:10     | Killed a two-headed ogre
 12139 | D:11     | Reached skill level 1 in Evocations
 12767 | D:11     | Reached **** piety under Dithmenos
 12890 | D:11     | Noticed a white ugly thing
 13103 | D:11     | Reached skill level 9 in Stealth
 13210 | D:11     | Killed a white ugly thing
 13494 | D:12     | Noticed a two-headed ogre
 13529 | D:11     | Killed a two-headed ogre
 13846 | D:12     | Learned a level 4 spell: Animate Dead
 13848 | D:12     | Learned a level 1 spell: Shock
 14184 | D:12     | Found a transporter.
 14184 | D:12     | Noticed ripuliukko's ghost (journeyman DEEE)
 14185 | D:12     | Found a transporter.
 14185 | D:12     | Noticed a storm dragon
 14189 | D:12     | Noticed a boulder beetle
 14190 | D:12     | Noticed a flayed ghost
 14190 | D:12     | Noticed an ettin
 14205 | D:12     | Noticed a centaur warrior
 14251 | D:12     | Noticed a two-headed ogre
 14253 | D:12     | Killed a two-headed ogre
 14254 | D:12     | Reached skill level 10 in Stealth
 14261 | D:12     | Reached skill level 1 in Conjurations
 14389 | D:12     | Reached skill level 1 in Poison Magic
 14389 | D:12     | Reached XP level 12. HP: 80/92 MP: 21/21
 14792 | D:12     | Found a staircase to the Orcish Mines.
 14968 | D:12     | HP: 1/92 [meliai/divine providence (15)]
 14968 | D:12     | Killed from afar by a meliai

Illustrated notes

Levels and vault maps discovered:
D:1:      psy_arrival_terrarium, layout_basic
D:2:      layout_loops_ring, st_stairs_13
D:3:      layout_loops_cross, nicolae_overflow_hidden_temple, serial_shops,
          nicolae_shop_behind_doors, ebering_ecumenical_altar_hall,
          dreamdust_wishing_well
D:4:      layout_rooms, mainiacjoe_overflow_cross_hatched, marbit_many_paths,
          nicolae_overflow_crystal_walls, lemuel_tele_altar,
          minmay_temple_entry_sparse_star, serial_shops, shop, minivault_25,
          uniq_natasha
D:5:      layout_loops_ring, uniq_menkaure, uniq_sigmund
D:6:      layout_gridville, lemuel_crystal_altar, mainiacjoe_overflow_alcove_2,
          zin_statuary
D:7:      layout_cave_pools, minmay_misc_feat_more_columns,
          chequers_serial_rivers_marsh
D:8:      layout_loops_cross, kennysheep_mini_moat, hellmonk_lair_entry_icy
D:9:      layout_basic, mainiacjoe_overflow_chevrons, amcnicky_altar_gilded,
          mainiacjoe_overflow_concentric_impassable, st_stairs_5,
          minmay_shop_enchanted_jewellery, lightli_minifort
D:10:     nicolae_hitomezashi [nicolae_hito_row, nicolae_hito_row,
          nicolae_hito_row, nicolae_hito_row, nicolae_hito_row,
          nicolae_hito_row, nicolae_hito_row, nicolae_hito_row,
          nicolae_hito_row, nicolae_hito_row, nicolae_hito_row,
          nicolae_hito_row, nicolae_hito_row, nicolae_hito_row,
          nicolae_hito_row, nicolae_hito_row, nicolae_hito_row,
          nicolae_hito_row], layout_basic, mainiacjoe_overflow_small_starburst
D:11:     layout_basic
D:12:     layout_loops_corners, zombieorc2_lemuel, gammafunk_ghost_arena
Temple:   grunt_temple_mini_profane
Lair:1:   layout_hall_layers, lemuel_fruit_tree, grunt_megastairs_5,
          infiniplex_staircase_pool_2, uniq_maggie

Skill      XL: |  1  2  3  4  5  6  7  8  9 10 11 |
---------------+----------------------------------+-----
Fighting       | 1 2 3 4 5 6 8 |  8.0
Armour         | 1 2 3 |  3.0
Dodging        | 3 4 5 6 |  6.0
Throwing       | 1 2 3 |  3.0
Spellcasting   | 3 4 6 |  6.0
Necromancy     | 5 6 7 8 9 |  9.2
Short Blades   | 2 3 6 7 |  7.7
Stealth        | 4 7 8 10 | 10.2
Invocations    | 2 4 5 6 |  6.0
Air Magic      | 2 3 |  3.0
Evocations     | 3 |  3.6
Conjurations   | 1 |  1.5
Poison Magic   | 1 |  1.2

Action                     |  1- 3 |  4- 6 |  7- 9 | 10-12 || total
---------------------------+-------+-------+-------+-------++-------
  Melee: Dagger            |    44 |    92 |    12 |       ||   148
         Punch             |     1 |       |     2 |     6 ||     9
         Bite              |     5 |     6 |    19 |    65 ||    95
         Halberd           |       |       |    59 |       ||    59
         Short sword       |       |       |   100 |   406 ||   506
  Throw: Boomerang         |       |     6 |    26 |    10 ||    42
         Dart              |       |       |    12 |    24 ||    36
   Cast: Necrotise         |    57 |    91 |   140 |    99 ||   387
         Vampiric Draining |       |       |     6 |    47 ||    53
         Shock             |       |       |       |    52 ||    52
 Invoke: Shadow Step       |       |       |       |     1 ||     1
    Use: Scroll            |       |     7 |     8 |     4 ||    19
         Potion            |       |       |     3 |     3 ||     6
   Stab: Sleeping          |     4 |     8 |     5 |    16 ||    33
         Distracted        |       |     1 |       |     1 ||     2
         Invisible         |       |       |       |     1 ||     1
 Armour: Robe              |     4 |    25 |    34 |       ||    63
         Leather armour    |       |       |    66 |     7 ||    73
         Steam dragon scal |       |       |       |   108 ||   108
  Dodge: Dodged            |    35 |    82 |   203 |   385 ||   705
